 Dungeon Crawl Stone Soup version 0.28.0-45-g0d030f2227 (webtiles) character file.

Game seed: 6921758559631576373

5763 boopmooplesden the Carver (level 10, -2/90 HPs)
             Began as a Minotaur Berserker on Apr 14, 2022.
             Was a Priest of Trog.
             Slain by a killer bee (5 damage)
             ... on level 9 of the Dungeon.
             The game lasted 00:09:57 (9426 turns).

boopmooplesden the Carver (Minotaur Berserker)      Turns: 9426, Time: 00:09:57

Health: -2/90      AC: 14    Str: 25    XL:     10   Next: 49%
Magic:  9/9        EV: 10    Int: 10    God:    Trog [***...]
Gold:   365        SH:  0    Dex: 17    Spells: 9/9 levels left

rFire   . . .      SeeInvis .   A - +0 great sword
rCold   . . .      Faith    .   (shield currently unavailable)
rNeg    . . .      Spirit   .   t - +0 plate armour
rPois   .          Reflect  .   (helmet restricted)
rElec   .          Harm     .   (no cloak)
rCorr   .          Rampage  .   (no gloves)
Will    .....                   (no boots)
Stlth   ..........              (no amulet)
HPRegen 0.25/turn               d - +6 ring of intelligence
MPRegen 0.11/turn               q - +6 ring of dexterity

@: lethally poisoned (-2 -> -3), on berserk cooldown, slowed, studying Polearms,
very slow
A: horns 2, retaliatory headbutt
a: Renounce Religion, Berserk, Trog's Hand


You were on level 9 of the Dungeon.
You worshipped Trog.
Trog was most pleased with you.
You visited 1 branch of the dungeon, and saw 9 of its levels.

You collected 365 gold pieces.

Inventory:

Hand Weapons
 a - a +1 falchion
 m - a +2 whip of flaming
 o - a +0 long sword
 s - a +0 arbalest
 w - a +3 scimitar
 x - a +0 falchion of holy wrath
 A - a +0 great sword (weapon)
Armour
 t - a +0 plate armour (worn)
Jewellery
 c - a +4 ring of evasion
 d - a +6 ring of intelligence (left hand)
 q - a +6 ring of dexterity (right hand)
 r - a +4 ring of slaying
Wands
 b - a wand of paralysis (8)
 v - a wand of charming (7)
 y - a wand of iceblast (7)
 z - a wand of flame (8)
Scrolls
 n - a scroll of immolation
 B - a scroll of summoning
Potions
 e - 3 potions of degeneration {unknown}
 f - 2 potions of lignification
 g - 3 potions of curing
 h - a potion of mutation {unknown}
 i - 3 potions of flight
 j - 2 potions of resistance
 l - a potion of ambrosia
 u - 2 potions of attraction


   Skills:
 + Level 8.8 Fighting
 + Level 12.6 Long Blades
 + Level 10.9 Armour
 + Level 4.9 Dodging
 + Level 2.1 Stealth


You had 9 spell levels left.
You didn't know any spells.
Your spell library was empty.

Dungeon Overview and Level Annotations

Branches:
Dungeon (9/15)             Temple (0/1) D:7
   Lair: D:8-11         Orc: D:9-12

Altars:
Dithmenos
Gozag
Kikubaaqudgha
Vehumet

Shops:
D:7 (


Innate Abilities, Weirdness & Mutations

You have a pair of horns on your head.
You reflexively headbutt those who attack you in melee.


Message History

The yak bellows!
You hear a bellow!
The killer bee closely misses you.
The killer bee stings you but does no damage.
The kobold throws a stone.
The stone closely misses you.
The stone closely misses the killer bee.
The killer bee barely misses you. x3; Something hits you but does no damage.
You hit the killer bee.
The killer bee is almost dead.
You feel sick. The killer bee barely misses you.
The killer bee stings you but does no damage.
The killer bee closely misses you.
The orc throws a boomerang.
The boomerang closely misses you. The killer bee stings you.
* * * LOW HITPOINT WARNING * * *
You open something like a pillowcase!!! Trog accepts your kill.
Trog appreciates your killing of a magic user.
Reactivating autopickup.
You feel a bit more experienced. The killer bee closely misses you.
The killer bee stings you.
* * * LOW HITPOINT WARNING * * *
The killer bee barely misses you. x2; The killer bee misses you.
The killer bee stings you but does no damage.
You barely miss the killer bee.
The killer bee buzzes angrily.
Your headbutt misses the killer bee.
You feel less confused.
You are no longer berserk.
You are exhausted.
You feel yourself slow down.
You feel sick.
You hear a bellow!
The killer bee closely misses you. The killer bee stings you.
* * * LOW HITPOINT WARNING * * *
The killer bee closely misses you. You furiously retaliate!
You headbutt the killer bee!
You kill the killer bee!
Trog accepts your kill. The killer bee barely misses you.
You furiously retaliate!
You headbutt the killer bee. The killer bee barely misses you.
A two-headed ogre comes into view. It is wielding two +0 giant clubs.
The killer bee stings you.
You die...

..........##....
#)##Z.....
...........#.#.# #.#
#.#Y..
###.##Y......#.###.##..#
# #. #[.>......#......#
#. #.....y#.......Y##
#....#..........# #.
#.....o...K.....#...
#....###..y.........
#....###.#y@..g.....
###.......yy†.......
#.......#.#.#.....
#......##.#.......
##..../##..###.....
....O......## #....
.........### ....
#..#....... ..#
#........... ..


You could see a two-headed ogre, a yak, 5 killer bees, a gnoll, an orc and a
kobold.

Vanquished Creatures
  A two-headed ogre (D:8)
  The ghost of Jingleheimer the Fighter, a novice MiFi (D:6)
  A komodo dragon (D:8)
  A hornet (D:8)
  4 wyverns
  2 steam dragons (D:8)
  2 water moccasins
  An orc warrior (D:7)
  A black bear (D:5)
  A sky beast (D:7)
  2 necrophages (D:5)
  2 ogres
  4 centaurs
  2 kobold brigands
  2 bullfrogs
  4 scorpions
  3 killer bees (D:9)
  7 wights
  4 howler monkeys
  A centaur zombie (D:5)
  2 bullfrog zombies
  4 jellies
  2 gnoll shamans
  A bullfrog skeleton (D:5)
  3 centaur skeletons
  7 orc priests
  Jessica (D:3)
  2 iguanas (D:5)
  Terence (D:3)
  8 orc wizards
  A hound skeleton (D:4)
  3 adders
  8 gnolls
  A shadow imp (D:6)
  A white imp (D:5)
  2 worms
  2 dart slugs (D:2)
  24 orcs
  8 ball pythons
  5 endoplasms
  2 giant cockroaches
  14 goblins
  8 hobgoblins
  2 jackals (D:3)
  A quokka (D:1)
  3 bats
  4 frilled lizards
  12 kobolds
  4 rats
182 creatures vanquished.

Vanquished Creatures (others)
  A plant (D:8)
1 creature vanquished.

Grand Total: 183 creatures vanquished

Notes
Turn   | Place    | Note
-------+----------+-------------------------------------------
     0 | D:1      | boopmooplesden the Minotaur Berserker began the quest for
                  | the Orb.
     0 | D:1      | Reached XP level 1. HP: 19/19 MP: 0/0
    91 | D:1      | Found a faded altar of an unknown god.
   233 | D:1      | Reached XP level 2. HP: 27/27 MP: 1/1
   420 | D:1      | Reached skill level 4 in Long Blades
   647 | D:1      | Reached ** piety under Trog
  1073 | D:2      | Reached XP level 3. HP: 24/33 MP: 2/2
  2118 | D:3      | Noticed Terence
  2126 | D:3      | Killed Terence
  2127 | D:3      | Reached XP level 4. HP: 40/40 MP: 3/3
  2251 | D:3      | Noticed Jessica
  2254 | D:3      | Killed Jessica
  2255 | D:3      | Reached skill level 5 in Long Blades
  2301 | D:3      | Found an ancient bone altar of Kikubaaqudgha.
  2304 | D:3      | Found a radiant altar of Vehumet.
  2353 | D:3      | Reached XP level 5. HP: 36/47 MP: 4/4
  2944 | D:3      | Found an opulent altar of Gozag.
  2945 | D:3      | Found a shadowy altar of Dithmenos.
  3248 | D:4      | Noticed a centaur
  3256 | D:4      | Killed a centaur
  3373 | D:4      | Reached skill level 1 in Stealth
  3419 | D:4      | Reached XP level 6. HP: 48/53 MP: 5/5
  3595 | D:4      | Reached skill level 6 in Long Blades
  3691 | D:4      | Reached skill level 5 in Fighting
  3846 | D:4      | Reached XP level 7. HP: 59/61 MP: 6/6
  3962 | D:4      | Reached skill level 5 in Armour
  4088 | D:5      | Entered Level 5 of the Dungeon
  4105 | D:5      | Reached skill level 7 in Long Blades
  4201 | D:5      | Reached *** piety under Trog
  4204 | D:5      | Reached XP level 8. HP: 31/70 MP: 7/7
  4439 | D:5      | Reached skill level 8 in Long Blades
  4839 | D:5      | Reached skill level 9 in Long Blades
  5550 | D:6      | Reached skill level 10 in Long Blades
  5587 | D:6      | Reached XP level 9. HP: 49/75 MP: 8/8
  5756 | D:6      | Found a runed translucent door.
  5833 | D:6      | Noticed Jingleheimer's ghost (novice MiFi)
  6019 | D:6      | Killed Jingleheimer's ghost
  6340 | D:7      | Reached skill level 11 in Long Blades
  6472 | D:7      | Found a staircase to the Ecumenical Temple.
  7227 | D:7      | Found Afeucw's Antique Weapon Emporium.
  7389 | D:7      | Found Giustahi's Weapon Shoppe.
  7689 | D:8      | Noticed a two-headed ogre
  7701 | D:8      | Killed a two-headed ogre
  7702 | D:8      | Reached skill level 12 in Long Blades
  7702 | D:8      | Reached XP level 10. HP: 57/88 MP: 9/9
  8153 | D:8      | Reached skill level 10 in Armour
  9426 | D:9      | HP: 4/90 [poisoned by a killer bee]
  9426 | D:9      | Noticed a two-headed ogre
  9426 | D:9      | Slain by a killer bee

Illustrated notes

Levels and vault maps discovered:
D:1:      sevenhm_arrival_forest_fort_large_2, layout_loops_ring,
          basic_ecumenical_altar
D:2:      layout_basic
D:3:      layout_basic, nicolae_overflow_hidden_temple, uniq_terence,
          uniq_jessica
D:4:      layout_rooms
D:5:      layout_rooms, minmay_manual_mares
D:6:      layout_rooms, ebering_ghost_reflecting_pool
D:7:      layout_rooms, temple_doors_e, serial_shops, shop, nicolae_square_shop
D:8:      layout_cave_pools, minmay_misc_feat_diagonals, st_stairs_1,
          chequers_serial_rivers_large_b, minmay_strange_pillars,
          grunt_ministairs_13, serial_park_tiny_2, serial_bayou_pond_a
D:9:      layout_rooms

Skill      XL: |  1  2  3  4  5  6  7  8  9 10 |
---------------+-------------------------------+-----
Long Blades    | 4 5 6 7 10 12 | 12.6
Fighting       | 4 5 7 8 |  8.8
Armour         | 3 4 6 7 9 10 | 10.9
Dodging        | 3 4 |  4.9
Stealth        | 1 2 |  2.1

Action                   |  1- 3 |  4- 6 |  7- 9 | 10-12 || total
-------------------------+-------+-------+-------+-------++-------
Melee: Falchion          |    81 |    85 |   259 |    16 ||   441
       Headbutt          |    11 |    11 |    54 |    12 ||    88
       Punch             |     1 |     2 |     2 |       ||     5
       Great sword       |       |       |       |    59 ||    59
Invok: Berserk           |     1 |     2 |    10 |     4 ||    17
  Use: Scroll            |     2 |     4 |    10 |     1 ||    17
       Potion            |       |       |       |     4 ||     4
Armor: Leather armour    |    16 |       |       |       ||    16
       Ring mail         |       |    32 |    41 |       ||    73
       Plate armour      |       |       |    56 |    86 ||   142
Dodge: Dodged            |    52 |    59 |   123 |    78 ||   312
